 Dungeon Crawl Stone Soup version 0.30-a0-54-g2e61a25929 (webtiles) character file.

Game seed: 14290767704630516158

414 Newt the Cudgeller (level 6, -18/62 HPs)
             Began as a Troll Fighter on Sept 7, 2022.
             Was an Initiate of Ashenzari.
             Killed from afar by an acid dragon (32 damage)
             ... with a splash of acid
             ... on level 4 of the Dungeon.
             The game lasted 00:03:45 (2662 turns).

Newt the Cudgeller (Troll Fighter)                  Turns: 2662, Time: 00:03:45

Health: -18/62     AC:  0    Str: 27    XL:     6   Next: 60%
Magic:  5/5        EV:  8    Int:  4    God:    Ashenzari [......]
Gold:   114        SH:  7    Dex:  9    Spells: 5/5 levels left

rFire   . . .      SeeInvis .    m - +1 mace (drain)
rCold   . . .      Faith    .    c - +0 kite shield
rNeg    . . .      Spirit   .    b - +0 robe
rPois   .          Reflect  .    (helmet restricted)
rElec   .          Harm     .    (no cloak)
rCorr   .          Rampage  .    (gloves unavailable)
Will    .....                    (boots unavailable)
Stlth   +.........               (no amulet)
HPRegen 1.00/turn                (no ring)
MPRegen 0.09/turn                (no ring)

@: mighty, corroded
A: large, unfitting armour, claws 3, regeneration 1, shaggy fur 1, tough skin 1
a: Renounce Religion, Curse Item


You were on level 4 of the Dungeon.
You worshipped Ashenzari.
Ashenzari was noncommittal.
You visited 1 branch of the dungeon, and saw 4 of its levels.

You collected 114 gold pieces.

Inventory:

Hand Weapons
 a - a +1 flail
 m - a +1 mace of draining (weapon)
Armour
 b - a +0 robe (worn)
 c - a +0 kite shield (worn)
Jewellery
 k - a ring of ice
Scrolls
 h - a scroll of butterflies
 l - a scroll of poison {unknown}
 p - a scroll of blinking
Potions
 e - 4 potions of curing
 f - 2 potions of lignification
 i - 2 potions of resistance
 j - a potion of mutation


   Skills:
 - Level 4.0 Fighting
 - Level 5.0 Maces & Flails
 - Level 2.4 Dodging
 + Level 3.5 Shields


You had 5 spell levels left.
You didn't know any spells.
Your spell library contained the following spells:

 Spells                   Type           Power      Damage    Failure   Level
 Sandblast                Erth           0%         2d4       80%         1
 Passwall                 Tmut/Erth      0%         N/A       90%         2
 Ozocubu's Armour         Ice            0%         N/A       99%         3
 Stone Arrow              Conj/Erth      0%         3d7       99%         3
 Metabolic Englaciation   Hex/Ice        0%         N/A       100%        5
 Simulacrum               Ice/Necr       0%         N/A       100%        6


Dungeon Overview and Level Annotations

Branches:
Dungeon (4/15)
 Temple: D:4-7

Altars:
Ashenzari
Xom

Shops:
D:2 :


Innate Abilities, Weirdness & Mutations

You are too large for most types of armour.
You have claws for hands.
Your natural rate of healing is unusually fast.
You are covered in fur. (AC +1)
You have tough skin. (AC +1)


Message History

* * * LOW HITPOINT WARNING * * *
The acid corrodes you!
You hear a shout!
You feel much better.
You hear a bark!
The acid dragon barely misses you. The acid dragon closely misses you.
Unknown command.
You closely miss the acid dragon.
The acid dragon is moderately wounded.
The acid dragon bites you! The acid dragon claws you.
Unknown command.
Aiming: Mindburst
Press: ? - help, Q - select action Shift-Dir - straight line, f - acid dragon
Aim: an acid dragon (moderately wounded, catching its breath, chance to affect: 64%)
The acid dragon struggles to resist.
The acid dragon bites you!
* * * LOW HITPOINT WARNING * * *
The acid dragon claws you.
* * * LOW HITPOINT WARNING * * *
Unknown command.
Aiming: Mindburst
Press: ? - help, Q - select action Shift-Dir - straight line, f/p - acid dragon
Aim: an acid dragon (lightly wounded, catching its breath, chance to affect: 64%)
The acid dragon struggles to resist.
You block the acid dragon's attack. The acid dragon claws you.
* * * LOW HITPOINT WARNING * * *
Unknown command.
Aiming: Mindburst
Press: ? - help, Q - select action Shift-Dir - straight line, f/p - acid dragon
Aim: an acid dragon (lightly wounded, chance to affect: 64%)
The acid dragon's mind is blasted!
The now-empty wand crumbles to dust.
You block the acid dragon's attack. The acid dragon completely misses you.
Unknown command.
Unknown command.
You closely miss the acid dragon.
The acid dragon is severely wounded.
The acid dragon spits acid at you. The splash of acid hits you!!
Ouch! That really hurt!
You die...

*,***#.*^*,,,,*****,,,,***,*
*,####.#,,,**+#!((#+**,,,,,,
*,#.....,***,,#...#,,***,,,,
*,*,....**,*,,#...#,,*,**,,,
*,*,,...+,,*,,#...#,,*,,+,,,
*.##.##.##,*,,#...#,,*,**,,, #
*........###,,#.w.#,,**#,,,, #
***#.###...####S..#*##..,**, #
#.....#.@D.##'##....#***, #
#####.####.......#,,* ** # ##.#
###.....#.#* ** # ##..#
##........# **,
###########...####.........#***,,
..)..............+.........+,,,,,
###########...####.........#***,,
# ##...# ##.......## **, ## ###.#
##.....## **


You could see an acid dragon (catching breath).

Vanquished Creatures
  A bullfrog (D:4)
  A jelly (D:4)
  A hound (D:4)
  An iguana (D:4)
  An orc wizard (D:4)
  7 adders
  8 gnolls
  A worm (D:2)
  3 dart slugs
  6 orcs
  11 ball pythons
  A bat (D:2)
  6 endoplasms
  2 giant cockroaches (D:1)
  11 goblins
  12 hobgoblins
  5 jackals
  4 frilled lizards
  5 kobolds
  2 rats
89 creatures vanquished.

Notes
Turn   | Place    | Note
-------+----------+-------------------------------------------
     0 | D:1      | Newt the Troll Fighter began the quest for the Orb.
     0 | D:1      | Reached XP level 1. HP: 22/22 MP: 0/0
   100 | D:1      | Reached XP level 2. HP: 29/29 MP: 1/1
   271 | D:1      | Reached XP level 3. HP: 23/37 MP: 2/2
   859 | D:2      | Reached skill level 2 in Maces & Flails
   859 | D:2      | Reached XP level 4. HP: 46/48 MP: 3/3
   971 | D:2      | Found Bevuusod's Book Boutique.
  1131 | D:3      | Reached skill level 3 in Maces & Flails
  1581 | D:3      | Found a shimmering altar of Xom.
  1581 | D:3      | Found a broken altar of Ashenzari.
  1713 | D:3      | Reached XP level 5. HP: 24/54 MP: 4/4
  2206 | D:3      | Became a worshipper of Ashenzari the Shackled
  2390 | D:4      | Reached skill level 4 in Maces & Flails
  2601 | D:4      | Reached XP level 6. HP: 55/62 MP: 5/5
  2622 | D:4      | Reached skill level 5 in Maces & Flails
  2630 | D:4      | Noticed an acid dragon
  2662 | D:4      | Killed from afar by an acid dragon

Illustrated notes

Levels and vault maps discovered:
D:1:      nicolae_arrival_memento_mori, layout_basic
D:2:      layout_basic, serial_shops, shop
D:3:      layout_basic, nicolae_overflow_two_pavilions
D:4:      layout_loops_corners, minmay_divided_ellipse

Skill      XL: |  1  2  3  4  5  6 |
---------------+-------------------+-----
Fighting       | 3 4 |  4.0
Maces & Flails | 2 3 4 5 |  5.0
Shields        | 3 |  3.5
Dodging        | |  2.4

Action                   |  1- 3 |  4- 6 || total
-------------------------+-------+-------++-------
Melee: Flail             |   124 |   102 ||   226
       Mace              |       |    33 ||    33
Evoke: Wand              |       |     3 ||     3
  Use: Scroll            |     4 |     5 ||     9
       Potion            |     2 |     2 ||     4
Armor: Robe              |    50 |    37 ||    87
Dodge: Dodged            |    69 |    57 ||   126
Block: Kite shield       |    52 |    63 ||   115

Table legend: (Time is in decaauts)
 A = Elapsed time spent in this place.
 B = Non-inter-level travel time spent in this place.
 C = Inter-level travel time spent in this place.
 D = Time resting spent in this place.
 E = Time spent auto-exploring this place.
 F = Levels seen in this place.
 G = Mean time per level.
                   A        B        C        D        E       F      G
               +--------+--------+--------+--------+--------+-----+--------+
         Total |   2764 |   2551 |    213 |    346 |   1548 |   4 |  691.0 |
       Dungeon |   2764 |   2551 |    213 |    346 |   1548 |   4 |  691.0 |
               +--------+--------+--------+--------+--------+-----+--------+

Top non-repeatable levels by time:
     D:2: 995 daAuts
     D:3: 880 daAuts
     D:4: 468 daAuts
     D:1: 419 daAuts
